 Dungeon Crawl Stone Soup version 0.30-a0-879-ga8ba668304 (webtiles) character file.

Game seed: 6258808749788770343

105 Newt the Shooter (level 5, -3/35 HPs)
             Began as a Kobold Hunter on Mar 13, 2023.
             Slain by a gnoll
             ... wielding a +0 flail
              (11 damage)
             ... on level 3 of the Dungeon.
             The game lasted 00:01:47 (2710 turns).

Newt the Shooter (Kobold Hunter)                    Turns: 2710, Time: 00:01:48

Health: -3/35      AC:  4    Str:  9    XL:     5   Next: 9%
Magic:  5/5        EV: 14    Int: 10    God:
Gold:   142        SH:  0    Dex: 20    Spells: 4/4 levels left

rFire   . . .      SeeInvis .    a - +0 shortbow
rCold   . . .      Faith    .    (shield currently unavailable)
rNeg    . . .      Spirit   .    c - +1 leather armour
rPois   .          Reflect  .    (no helmet)
rElec   .          Rampage  .    (no cloak)
rCorr   .                        (no gloves)
Will    .....                    (no boots)
Stlth   +++                      (no amulet)
HPRegen 0.25/turn                (no ring)
MPRegen 0.09/turn                (no ring)

@: no status effects
A: small, no large weapons, nightstalker 3
a: no special abilities


You were on level 3 of the Dungeon.
You visited 1 branch of the dungeon, and saw 4 of its levels.

You collected 142 gold pieces.

Inventory:

Hand Weapons
 a - a +0 shortbow (weapon)
Missiles
 j - 5 atropa-tipped darts
Armour
 c - a +1 leather armour (worn)
Jewellery
 m - a ring of magical power
Wands
 g - a wand of flame (21)
 n - a wand of quicksilver (11)
Scrolls
 b - a scroll of immolation
 h - a scroll of magic mapping
 k - 2 scrolls of teleportation
Potions
 d - 3 potions of heal wounds
 e - 2 potions of curing
 f - a potion of might
 i - a potion of lignification
 l - a potion of berserk rage {unknown}


   Skills:
 - Level 5.0 Fighting
 + Level 5.8 Ranged Weapons
 - Level 2.4 Dodging
 - Level 1.3 Stealth


You had 4 spell levels left.
You didn't know any spells.
Your spell library contained the following spells:

 Spells                   Type           Power      Damage    Failure   Level
 Magic Dart               Conj           0%         1d3       47%         1
 Slow                     Hex            0%         N/A       47%         1
 Summon Small Mammal      Summ           0%         N/A       47%         1
 Blink                    Tloc           0%         N/A       63%         2
 Call Imp                 Summ           0%         N/A       63%         2
 Lesser Beckoning         Tloc           0%         N/A       63%         2
 Momentum Strike          Conj/Tloc      0%         3d8       63%         2
 Call Canine Familiar     Summ           0%         N/A       85%         3
 Confusing Touch          Hex            0%         N/A       85%         3
 Mephitic Cloud           Conj/Pois/Air  0%         N/A       85%         3
 Portal Projectile        Hex/Tloc       0%         N/A       85%         3
 Stone Arrow              Conj/Erth      0%         3d7       85%         3
 Summon Guardian Golem    Hex/Summ       0%         N/A       85%         3
 Tukima's Dance           Hex            0%         N/A       85%         3
 Vampiric Draining        Necr           0%         2d6       85%         3
 Animate Armour           Summ/Erth      0%         N/A       99%         4
 Blade Hands              Tmut           0%         N/A       100%        5
 Lehudib's Crystal Spear  Conj/Erth      0%         10d2      100%        8


Dungeon Overview and Level Annotations

Branches:
Dungeon (4/15)
 Temple: D:4-7

Altars:
Nemelex Xobeh
Qazlal


Innate Abilities, Weirdness & Mutations

You are small and have problems with some larger weapons.
You are completely attuned to the shadows.


Message History

Done exploring.
Search for what [Enter for "."]? .
(D) Dungeon
Where to? (Enter - D:3, ? - help)
There is a stone staircase leading down here.
You climb downwards.
There is a stone staircase leading up here.
There are monsters nearby!
You shoot an arrow. The arrow hits the gnoll!
The gnoll shouts!
The gnoll is heavily wounded.
The gnoll shouts!
You hear a shout! x2; The gnoll shouts!
You hear a shout!
The gnoll barely misses you. The gnoll closely misses you.
You climb upwards.
There is a stone staircase leading down here.
You shoot an arrow. The arrow hits the gnoll.
The gnoll is severely wounded.
The gnoll hits you with a +0 flail.
You shoot an arrow. The arrow completely misses the gnoll.
The gnoll misses you.
You shoot an arrow. The arrow hits the gnoll.
The gnoll is almost dead.
The gnoll closely misses you. The gnoll hits you with a +0 flail.
You shoot an arrow. The arrow hits the gnoll!
You kill the gnoll!
You have reached level 5!
You feel stronger.
You climb downwards.
The gnoll hits you with a +0 flail. The gnoll hits you with a +0 whip!
There is a stone staircase leading up here.
The gnoll hits you from afar with a +0 spear.
The gnoll hits you with a +0 flail.
* * * LOW HITPOINT WARNING * * *
The gnoll misses you.
You climb upwards.
There is a stone staircase leading down, spattered with blood here.
Unknown command.
The gnoll attacks as you move away! The gnoll hits you with a +0 flail!
You die...

.......# ####.#.#####
######## #..........#
#.##.#.###.#
###########.##.#.# #.#
.................# #.#
######.####..#.### #.#
.......####..#.### #.#
..#######....#.gg# #.#
.............###@# #.#
≈≈≈≈.≈≈≈≈≈...# #.# #.#
...≈.....≈.)## #.# #.#
≈≈.≈≈≈≈≈.≈..# #.# #.#
_≈.≈...§.≈..####<###.#
.≈.≈.≈.≈.§§..........#
§§.≈.≈§≈§≈.#####.#####
§§≈≈.§§§.≈.......#
§..§§§§§.≈.#.#####


You could see 2 gnolls.

Vanquished Creatures
  A hound (D:3)
  A gnoll (D:3)
  An adder (D:2)
  A worm (D:3)
  4 endoplasms
  A giant cockroach (D:1)
  6 goblins
  3 hobgoblins (D:1)
  5 jackals (D:1)
  2 quokkas
  8 ball pythons
  3 bats
  2 frilled lizards (D:1)
  6 kobolds
  7 rats
51 creatures vanquished.

Notes
Turn   | Place    | Note
-------+----------+-------------------------------------------
     0 | D:1      | Newt the Kobold Hunter began the quest for the Orb.
     0 | D:1      | Reached XP level 1. HP: 12/12 MP: 1/1
    78 | D:1      | Reached XP level 2. HP: 18/18 MP: 2/2
   188 | D:1      | Reached XP level 3. HP: 23/23 MP: 3/3
  1331 | D:2      | Reached XP level 4. HP: 24/30 MP: 4/4
  1999 | D:3      | Reached skill level 5 in Fighting
  2449 | D:3      | Found a sparkling altar of Nemelex Xobeh.
  2526 | D:3      | Found a stormy altar of Qazlal.
  2706 | D:3      | Reached XP level 5. HP: 27/35 MP: 5/5
  2710 | D:3      | Slain by a gnoll

Illustrated notes

Levels and vault maps discovered:
D:1:      lemuel_arrival_broad_hall, layout_rooms
D:2:      layout_basic
D:3:      layout_loops_ring, mainiacjoe_overflow_catwalk_spiral
D:4:      layout_cave_pods, general_overflow_altar, serial_co_window_serial,
          co_window_paths_a, co_window_paths_b, co_window_paths_a,
          co_window_corner_a, co_window_of_opportunity_a, co_window_cross_2,
          co_window_paths_c, co_window_2corner, co_window_of_opportunity_b,
          co_window_4corner_a, glass_columns_b, glass_columns_b,
          glass_columns_a, glass_columns_a, kennysheep_generic_room_10,
          uniq_blork_the_orc

Skill      XL: |  1  2  3  4 |
---------------+-------------+-----
Fighting       | 3 4 5 |  5.0
Ranged Weapons | |  5.8
Dodging        | |  2.4
Stealth        | |  1.3

Action                     |  1- 3 |  4- 6 || total
---------------------------+-------+-------++-------
   Fire: Shortbow          |    70 |    24 ||    94
    Use: Scroll            |     4 |     4 ||     8
         Potion            |     2 |       ||     2
 Armour: Leather armour    |     2 |       ||     2
  Dodge: Dodged            |    28 |     7 ||    35

Table legend: (Time is in decaauts)
 A = Elapsed time spent in this place.
 B = Non-inter-level travel time spent in this place.
 C = Inter-level travel time spent in this place.
 D = Time resting spent in this place.
 E = Time spent auto-exploring this place.
 F = Levels seen in this place.
 G = Mean time per level.
                   A        B        C        D        E       F      G
               +--------+--------+--------+--------+--------+-----+--------+
         Total |   2739 |   2652 |     87 |    427 |   1979 |   4 |  684.8 |
       Dungeon |   2739 |   2652 |     87 |    427 |   1979 |   4 |  684.8 |
               +--------+--------+--------+--------+--------+-----+--------+

Top non-repeatable levels by time:
     D:2: 1043 daAuts
     D:3: 1025 daAuts
     D:1: 664 daAuts
     D:4: 5 daAuts
